 Dungeon Crawl Stone Soup version 0.31.0-11-ge490571c62 (webtiles) character file.

Game seed: 12652591997416774127

310 puppykicker the Gusty (level 6, -17/32 HPs)
             Began as a Tengu Air Elementalist on Feb 6, 2024.
             Was an Initiate of Hepliaklqana.
             Demolished by an ogre
             ... wielding a +0 giant club
              (19 damage)
             ... on level 4 of the Dungeon.
             The game lasted 00:12:06 (3027 turns).

puppykicker the Gusty (Tengu Air Elementalist)      Turns: 3027, Time: 00:12:07

Health: -17/32     AC:  2    Str:  9    XL:     6   Next: 41%
Magic:  6/11       EV: 13    Int: 17    God:    Hepliaklqana [......]
Gold:   15         SH:  0    Dex: 20    Spells: 3/11 levels left

rFire   . . .        a - +6 dagger (freeze)
rCold   . . .        (no shield)
rNeg    . . .        e - +0 robe
rPois   .            (helmet restricted)
rElec   .            (no cloak)
rCorr   .            (no gloves)
SInv    .            (boots unavailable)
Will    +....        (no amulet)
Stlth   ++           q - +6 ring of dexterity
HPRegen 0.25/turn    h - ring of willpower
MPRegen 0.12/turn

%: acrobat
@: sluggish, very slow
A: beak, talons 3, acrobatic
a: Renounce Religion


You were on level 4 of the Dungeon.
You worshipped Hepliaklqana.
Hepliaklqana was noncommittal.
You visited 1 branch of the dungeon, and saw 4 of its levels.

You collected 125 gold pieces.
You spent 110 gold pieces at shops.

Inventory:

Hand Weapons
 a - a +6 dagger of freezing (weapon)
 b - a +0 spear
Missiles
 l - 16 poisoned darts
Armour
 e - a +0 robe (worn)
Jewellery
 h - a ring of willpower (right hand)
 q - a +6 ring of dexterity (left hand)
Scrolls
 c - a scroll of amnesia
 g - a scroll of noise {!r}
 t - 2 scrolls of teleportation
 B - 2 scrolls of blinking {!r}
Potions
 d - a potion of brilliance {unknown}
 j - a potion of magic
 k - 3 potions of haste
 m - 2 potions of curing {unknown}
 o - a potion of attraction {unknown}
 p - a potion of degeneration {unknown}
 r - a potion of might
 u - a potion of resistance {unknown}
 v - a potion of mutation {unknown}
 w - a potion of invisibility {unknown}


   Skills:
 - Level 2.1 Dodging
 - Level 2.0 Stealth
 + Level 3.0 Spellcasting
 + Level 4.6 Conjurations
 + Level 2.1 Translocations
 + Level 6.1 Air Magic


You had 3 spell levels left.
You knew the following spells:

 Your Spells              Type           Power      Damage    Failure   Level
a - Shock                 Conj/Air       80%        1d8       1%          1
b - Static Discharge      Conj/Air       40%        3-5/arc   3%          2
m - Swiftness             Air            23%        N/A       4%          3
p - Blink                 Tloc           18%        N/A       11%         2

Your spell library contained the following spells:

 Spells                   Type           Power      Damage    Failure   Level
 Momentum Strike          Conj/Tloc      28%        3d8       6%          2
 Lesser Beckoning         Tloc           18%        N/A       11%         2
 Gell's Gravitas          Tloc           9%         N/A       22%         3
 Teleport Other           Tloc           9%         N/A       22%         3
 Volatile Blastmotes      Fire/Tloc      12%        2d11      34%         3
 Airstrike                Air            11%        2d(2-18)  14%         4
 Iskenderun's Mystic Bla  Conj/Tloc      14%        2d5       38%         4
 Fulminant Prism          Conj/Alch      5%         3d7       54%         4
 Passage of Golubria      Tloc           9%         N/A       58%         4
 Silence                  Hex/Air        6%         N/A       80%         5
 Lehudib's Crystal Spear  Conj/Erth      5%         10d3      100%        8


Dungeon Overview and Level Annotations

Branches:
Dungeon (4/15)
 Temple: D:4-7

Altars:
Fedhas
Hepliaklqana

Shops:
D:1 ?

Annotations:
D:3 2 transporters, Roog's ghost, weakling MiBe


Innate Abilities, Weirdness & Mutations

You have a beak for a mouth.
You have claws for feet.
You can magically evade attacks while moving or waiting.


Message History

Confirm with . or Enter, or press ? or * to list all spells.
You feel quick.
You now have 8/11 mp.
The ogre attacks as it pursues you! The ogre barely misses you.
You start to feel a little slower.
You see here a +0 club.
You aren't carrying any items that you can evoke.
Unknown command.
Okay, then.
You feel sluggish.
Casting: Swiftness (dangerous; 4% risk of failure)
Confirm with . or Enter, or press ? or * to list all spells.
Aiming: Shock (safe; 1% risk of failure)
Press: ? - help, Shift-Dir - straight line, f - ogre
Aim: an ogre, wielding a +0 giant club (lightly wounded, 86% to hit)
The zap hits the ogre.
The ogre is moderately wounded.
You now have 9/11 mp.
Casting: Shock (safe; 1% risk of failure)
Confirm with . or Enter, or press ? or * to list all spells.
Aiming: Shock (safe; 1% risk of failure)
Press: ? - help, Shift-Dir - straight line, f/p - ogre
Aim: an ogre, wielding a +0 giant club (moderately wounded, 86% to hit)
The zap hits the ogre.
The ogre is heavily wounded.
You now have 8/11 mp.
Casting: Shock (safe; 1% risk of failure)
Confirm with . or Enter, or press ? or * to list all spells.
The ogre is struck by an arc of lightning.
The ogre is severely wounded.
You are struck by an arc of lightning.
* * * LOW HITPOINT WARNING * * *
The ogre is struck by an arc of lightning.
The ogre is severely wounded.
You are struck by an arc of lightning.
* * * LOW HITPOINT WARNING * * *
The lightning grounds out.
The ogre hits you with a +0 giant club!!
Ouch! That really hurt!
You die...

#################
###........)...O@.#
..#.#############.#
#.#.# #.# ##O.# #†#
#.### #.# ..# #.#
#.#### #.# .....#
#.# ..$#.# #.#


You could see an ogre.

Levels and vault maps discovered:
D:1:      spicycebolla_arrival_ecumenical, layout_basic, serial_shops, shop
D:2:      layout_basic, dreamdust_princess_bridge
D:3:      wad_pebble_path, layout_basic, mainiacjoe_overflow_swirl,
          gammafunk_ghost_arena, uniq_jessica
D:4:      layout_loops_ring, temple_doors_e, minmay_mini_ossuary

Notes
Turn   | Place    | Note
-------+----------+-------------------------------------------
     0 | D:1      | puppykicker the Tengu Air Elementalist began the quest for
                  | the Orb.
     0 | D:1      | Reached XP level 1. HP: 10/10 MP: 4/4
    39 | D:1      | Identified a +0 spear
    82 | D:1      | Found Ogrocloxt's Magic Scroll Shop.
   112 | D:1      | HP: 2/10 [quokka (5)]
   117 | D:1      | HP: 1/10 [giant cockroach (2)]
   123 | D:1      | Reached skill level 2 in Conjurations
   160 | D:1      | Identified a +0 club
   163 | D:1      | Bought a scroll of noise for 13 gold pieces
   195 | D:1      | Reached XP level 2. HP: 15/15 MP: 0/6
   253 | D:1      | Identified a +0 chain mail
   267 | D:1      | Identified a +6 dagger
   271 | D:1      | Identified a +0 club
   277 | D:1      | Identified a +0 short sword
   398 | D:1      | Learned a level 2 spell: Static Discharge
   434 | D:1      | Identified a +2 dagger of speed
   506 | D:1      | Learned a level 2 spell: Blink
   681 | D:1      | Identified a +0 ring mail
   801 | D:2      | Identified a +0 whip
   834 | D:2      | Reached XP level 3. HP: 19/19 MP: 4/7
   910 | D:2      | Reached skill level 3 in Conjurations
   969 | D:2      | Identified a +6 ring of dexterity
  1206 | D:2      | Identified a +0 robe
  1242 | D:2      | Reached skill level 5 in Air Magic
  1300 | D:2      | Identified a +0 short sword
  1324 | D:2      | Identified a ring of willpower
  1423 | D:2      | Reached XP level 4. HP: 22/24 MP: 8/8
  1711 | D:3      | Identified a +0 ring mail
  1711 | D:3      | Identified a +0 club
  1711 | D:3      | Identified a +0 leather armour
  1712 | D:3      | Identified a +0 club
  1714 | D:3      | Identified a +0 dagger
  1716 | D:3      | Reached skill level 1 in Translocations
  1754 | D:3      | Identified 2 scrolls of identify
  1754 | D:3      | Identified a scroll of brand weapon
  1755 | D:3      | Identified a scroll of teleportation
  1822 | D:3      | Identified a +0 flail
  1823 | D:3      | Identified a +0 whip
  1823 | D:3      | Identified a +0 whip
  1843 | D:3      | HP: 5/24 [gnoll/+0 flail (7)]
  1923 | D:3      | Identified a +0 short sword
  1952 | D:3      | Identified a +0 pair of boots
  2027 | D:1      | Bought a scroll of blinking for 97 gold pieces
  2100 | D:3      | Identified a +0 whip
  2101 | D:3      | Identified a +0 flail
  2103 | D:3      | Identified a +0 club
  2109 | D:3      | Reached XP level 5. HP: 14/28 MP: 9/9
  2109 | D:3      | Identified a +0 whip
  2186 | D:3      | Identified a +0 dagger
  2240 | D:3      | Found a transporter.
  2244 | D:3      | Found a transporter.
  2244 | D:3      | Noticed Roog's ghost (weakling MiBe)
  2267 | D:3      | Learned a level 3 spell: Swiftness
  2286 | D:3      | Identified a +0 short sword
  2304 | D:3      | Identified a +0 dagger
  2314 | D:3      | Identified a +0 whip
  2328 | D:3      | Identified a +0 short sword
  2334 | D:3      | Reached skill level 4 in Conjurations
  2342 | D:3      | Found a blossoming altar of Fedhas.
  2364 | D:3      | Found a hazy altar of Hepliaklqana.
  2471 | D:3      | Became a worshipper of Hepliaklqana the Forgotten
  2588 | D:3      | Identified a +0 club
  2588 | D:3      | Identified a +0 robe
  2588 | D:3      | Noticed Jessica
  2591 | D:3      | Killed Jessica
  2614 | D:3      | Identified a scroll of silence
  2649 | D:3      | Identified a scroll of fear
  2650 | D:3      | Identified a scroll of amnesia
  2651 | D:3      | Identified a scroll of poison
  2776 | D:4      | Noticed a phantom
  2777 | D:4      | Identified a +0 ring mail
  2786 | D:4      | Killed a phantom
  2787 | D:4      | Reached skill level 2 in Translocations
  2787 | D:4      | Reached XP level 6. HP: 18/32 MP: 9/11
  2793 | D:4      | Identified a +1 heavy hand axe
  2816 | D:4      | Reached skill level 6 in Air Magic
  2859 | D:4      | Identified 3 potions of haste
  2861 | D:4      | Identified a +0 club
  2864 | D:4      | Identified a +0 barding
  2921 | D:4      | Identified a potion of might
  2933 | D:4      | Reached skill level 3 in Spellcasting
  2979 | D:4      | Identified a +0 club
  3000 | D:4      | Identified a +0 giant club
  3004 | D:4      | HP: 1/32 [ogre/+0 giant club (31)]
  3027 | D:4      | HP: 4/32 [/static electricity (2)]
  3027 | D:4      | Demolished by an ogre

Table legend: (Time is in decaauts)
 A = Elapsed time spent in this place.
 B = Non-inter-level travel time spent in this place.
 C = Inter-level travel time spent in this place.
 D = Time resting spent in this place.
 E = Time spent auto-exploring this place.
 F = Levels seen in this place.
 G = Mean time per level.
                   A        B        C        D        E       F      G
               +--------+--------+--------+--------+--------+-----+--------+
         Total |   3025 |   2792 |    233 |    491 |   1733 |   4 |  756.2 |
       Dungeon |   3025 |   2792 |    233 |    491 |   1733 |   4 |  756.2 |
               +--------+--------+--------+--------+--------+-----+--------+

Top non-repeatable levels by time:
     D:2: 1083 daAuts
     D:3: 974 daAuts
     D:1: 717 daAuts
     D:4: 249 daAuts

Table legend:
 A = Kills in this place as a percentage of kills in the entire game.
 B = Kills by you in this place as a percentage of kills by you in the entire game.
 C = Kills by friends in this place as a percentage of kills by friends in the entire game.
 D = Other kills in this place as a percentage of other kills in the entire game.
 E = Experience gained in this place as a percentage of experience gained in the entire game.
 F = Experience gained in this place divided by the number of levels of this place that you have seen.
                   A       B       C       D       E      F
               +-------+-------+-------+-------+-------+----------------------
         Total | 100.0 | 100.0 |   N/A |   N/A | 100.0 | 111.0
       Dungeon | 100.0 | 100.0 |   N/A |   N/A | 100.0 | 111.0
               +-------+-------+-------+-------+-------+----------------------

Skill      XL: |  1  2  3  4  5  6 |
---------------+-------------------+-----
Conjurations   | 2 3 4 |  4.6
Air Magic      | 5 6 |  6.1
Translocations | 1 2 |  2.1
Spellcasting   | 3 |  3.0
Dodging        | |  2.1
Stealth        | |  2.0

Action                     |  1- 3 |  4- 6 || total
---------------------------+-------+-------++-------
  Melee: Spear             |    13 |       ||    13
         Peck              |     7 |     8 ||    15
         Kick              |     6 |    21 ||    27
         Dagger            |    34 |    75 ||   109
         Punch             |     2 |       ||     2
   Cast: Shock             |    31 |    10 ||    41
         Swiftness         |       |     1 ||     1
         Static Discharge  |       |     1 ||     1
    Use: Scroll            |       |     9 ||     9
   Stab: Sleeping          |     1 |     2 ||     3
 Armour: Robe              |    19 |    26 ||    45
  Dodge: Dodged            |    33 |    53 ||    86

Vanquished Creatures
  A phantom (D:4)
  A hound (D:4)
  An orc priest (D:3)
  Jessica (D:3)
  A mummy (D:4)
  2 adders (D:2)
  3 gnolls (D:3)
  2 dart slugs
  A ribbon worm (D:3)
  4 orcs (D:3)
  6 bats
  4 endoplasms
  5 giant cockroaches
  6 goblins
  9 hobgoblins
  9 kobolds
  8 quokkas
  4 ball pythons
  3 frilled lizards
  A hobgoblin zombie (D:4)
  2 kobold zombies (D:4)
  An orc zombie (D:4)
  2 rats
77 creatures vanquished.
